 Dungeon Crawl Stone Soup version 0.20-a0-493-g19c8d8d (webtiles) character file.

142 AlphabetPasta the Grasshopper (level 5, 0/39 HPs)
             Began as a Human Warper on Jan 17, 2017.
             Succumbed to a worker ant's poison
             ... on level 3 of the Dungeon.
             The game lasted 00:13:05 (3872 turns).

AlphabetPasta the Grasshopper (Human Warper)        Turns: 3872, Time: 00:13:06

Health: 0/39       AC:  3    Str: 12    XL:     5   Next: 49%
Magic:  7/8        EV: 12    Int: 13    God:
Gold:   114        SH:  0    Dex: 13    Spells: 4/8 levels left

rFire    . . .     SeeInvis .   a - +1 falchion
rCold    . . .     Gourm    .   b - +0 leather armour
rNeg     . . .     Faith    .   (no shield)
rPois    .         Spirit   .   (no helmet)
rElec    .         Reflect  .   (no cloak)
rCorr    .         Harm     .   (no gloves)
MR       .....                  (no boots)
Stlth    +.........             (no amulet)
Regen    0.2/turn               (no ring)
                                (no ring)

@: lethally poisoned (0 -> -8)
A: no striking features
a: no special abilities


You were on level 3 of the Dungeon.
You were hungry.

You visited 1 branch of the dungeon, and saw 3 of its levels.

You collected 114 gold pieces.

Inventory:

Hand Weapons
 a - a +1 falchion (weapon)
 i - a +0 blowgun
Missiles
 e - 3 tomahawks of dispersal
 h - 31 poisoned needles
 n - 8 tomahawks (quivered)
Armour
 b - a +0 leather armour (worn)
Wands
 q - a wand of confusion (26/48)
Scrolls
 d - a scroll of identify
Potions
 k - a potion of flight
 m - a potion of brilliance
Books
 c - a book of Spatial Translocations

   Spells                             Type                      Level
   a - Blink                          Translocation                2
   b - Shroud of Golubria             Charms/Translocation         2
   c - Lesser Beckoning               Translocation                3
   d - Portal Projectile              Translocation                3
   e - Teleport Other                 Translocation                3
   f - Passage of Golubria            Translocation                4
Comestibles
 f - 3 bread rations
 j - a meat ration
 l - 3 chunks of flesh


   Skills:
 + Level 2.4 Fighting
 * Level 2.8 Long Blades
 + Level 1.5 Throwing
 + Level 2.1 Armour
 + Level 2.3 Dodging
 + Level 2.4 Spellcasting
 + Level 1.5 Charms
 * Level 3.5 Translocations
 + Level 0.2 Evocations


You had 4 spell levels left.
You knew the following spells:

 Your Spells              Type           Power        Failure   Level  Hunger
a - Blink                 Tloc           N/A          12%         2    ###....
b - Shroud of Golubria    Chrm/Tloc      #.........   17%         2    ###....


Dungeon Overview and Level Annotations

Branches:
Dungeon (3/15)

Altars:
Hepliaklqana
Vehumet
Xom
The Shining One


Message History

The worker ant is heavily wounded.
You feel sick. The worker ant bites you.
* * * LOW HITPOINT WARNING * * *
You are lethally poisoned!
The worker ant poisons you!
Okay, then.
* * * LOW HITPOINT WARNING * * *
You feel sick.
* * * LOW HITPOINT WARNING * * *
You feel sick. The worker ant closely misses you.
* * * LOW HITPOINT WARNING * * *
You feel sick.
* * * LOW HITPOINT WARNING * * *
You feel sick.
* * * LOW HITPOINT WARNING * * *
You feel sick.
* * * LOW HITPOINT WARNING * * *
You feel sick. The worker ant bites you.
* * * LOW HITPOINT WARNING * * *
You die...

#..# #.#..## #.
#..####.#...+ #.
#....†......# #.
#..####.#..## #) #..#
##.#...## #. #.r#
#.......#####. #.a#
#............. #..#
#.............
#.@###.............
#..!...............
##...#.............
#######...'.............
..........#.............
#....##.............
#....##.............
#....##.............
#..§.##.............


You could see a worker ant and a quokka.

Vanquished Creatures
  A gnoll (D:1)
  4 adders
  2 oozes
  A worm (D:3)
  3 dart slugs
  3 leopard geckos
  6 orcs
  3 bats
  3 giant cockroaches
  5 goblins
  7 hobgoblins
  3 jackals (D:1)
  A quokka (D:2)
  4 frilled lizards
  12 kobolds
  10 rats
68 creatures vanquished.

Notes
Turn   | Place    | Note
-------+----------+-------------------------------------------
     0 | D:1      | AlphabetPasta the Human Warper began the quest for the Orb.
     0 | D:1      | Reached XP level 1. HP: 16/16 MP: 3/3
    51 | D:1      | Reached XP level 2. HP: 9/22 MP: 5/5
    92 | D:1      | Learned a level 2 spell: Blink
    95 | D:1      | Learned a level 2 spell: Shroud of Golubria
   384 | D:1      | Reached XP level 3. HP: 23/27 MP: 6/6
   526 | D:1      | Reached skill level 1 in Charms
  1088 | D:1      | Reached XP level 4. HP: 31/33 MP: 7/7
  1275 | D:2      | Found a radiant altar of Vehumet.
  1277 | D:2      | Found a glowing golden altar of the Shining One.
  1652 | D:2      | Found a glowing golden altar of the Shining One.
  2182 | D:2      | Learned a level 3 spell: Lesser Beckoning
  2817 | D:3      | Found a shimmering altar of Xom.
  3153 | D:3      | Reached XP level 5. HP: 8/38 MP: 8/8
  3547 | D:3      | Found a hazy altar of Hepliaklqana.
  3871 | D:3      | HP: 1/39 [worker ant (1)]
  3872 | D:3      | Succumbed to a worker ant's poison

Vault maps used:
D:1:      roderic_chinese_lattice_arrival
D:2:      chequers_temple_overflow_statue_of_worship, first_bread, tso_altar
D:3:      minmay_diamond_boxcup, grunt_temple_overflow_gold_and_silver,
          marbit_many_paths, overflow_temple_1_default,
          nicolae_overflow_hidden_temple, uniq_robin

Skill      XL: |  1  2  3  4 |
---------------+-------------+-----
Charms         | 1 |  1.5
Armour         | 2 |  2.1
Fighting       | |  2.4
Long Blades    | |  2.8
Throwing       | |  1.5
Dodging        | |  2.3
Spellcasting   | |  2.4
Translocations | |  3.5
Evocations     | |  0.2

Action                   |  1- 3 |  4- 6 || total
-------------------------+-------+-------++-------
Melee: Falchion          |    78 |   176 ||   254
Throw: Tomahawk          |       |     5 ||     5
 Cast: Blink             |       |     2 ||     2
       Shroud of Golubri |       |     2 ||     2
  Use: Scroll            |       |     8 ||     8
       Potion            |       |     1 ||     1
 Stab: Distracted        |       |     1 ||     1
  Eat: Chunk             |       |     8 ||     8
       Pizza             |       |     1 ||     1
Armor: Leather armour    |    15 |    32 ||    47
Dodge: Dodged            |    56 |   123 ||   179
       Rpst.: Falchion   |    20 |    37 ||    57
